 Dungeon Crawl Stone Soup version 0.25-a0-36-g303dd5b1f4 (webtiles) character file.

Game seed: 18301411041358074442, levelgen mode: deterministic

1003 Ablot the Charmwright (level 8, -1/63 HPs)
             Began as a Gnoll Skald on Oct 20, 2019.
             Slain by a two-headed ogre
             ... wielding a +0 giant spiked club
              (17 damage)
             ... on level 5 of the Dungeon.
             The game lasted 00:10:59 (4399 turns).

Ablot the Charmwright (Gnoll Skald)                 Turns: 4399, Time: 00:11:00

Health: -1/63      AC:  4    Str: 15    XL:     8   Next: 20%
Magic:  7/16       EV: 15    Int: 17    God:
Gold:   199        SH:  0    Dex: 14    Spells: 7/18 levels left

rFire    . . .     SeeInvis +   a - +0 trident
rCold    . . .     Gourm    .   (no shield)
rNeg     . . .     Faith    .   w - +0 robe {MR+}
rPois    .         Spirit   .   j - +0 helmet
rElec    .         Reflect  .   (no cloak)
rCorr    .         Harm     .   r - +0 pair of gloves
MR       +....                  (no boots)
Stlth    ++........             (no amulet)
HPRegen  0.20/turn              x - ring of see invisible
MPRegen  0.15/turn              (no ring)

@: no status effects
A: distributed training, fangs 1, strong nose
a: no special abilities


You were on level 5 of the Dungeon.
You were hungry.

You visited 1 branch of the dungeon, and saw 6 of its levels.

You collected 199 gold pieces.

Inventory:

Hand Weapons
 a - a +0 trident (weapon)
 f - a +0 fustibalus
Missiles
 g - 50 poisoned darts (quivered)
 h - 84 stones
 i - 70 sling bullets
 k - 15 arrows
 s - 60 bolts
Armour
 e - a +0 buckler
 j - a +0 helmet (worn)
 r - a +0 pair of gloves (worn)
 w - a +0 robe of magic resistance (worn)
Jewellery
 x - a ring of see invisible (left hand)
Wands
 B - a wand of random effects (4)
Scrolls
 o - 2 scrolls of magic mapping {unknown}
 q - a scroll of enchant armour {unknown}
 t - a scroll of enchant weapon
 u - 3 scrolls of teleportation
 y - 2 scrolls of remove curse
 A - a scroll of immolation {unknown}
Potions
 b - a potion of ambrosia {unknown}
 c - a potion of flight {unknown}
 l - 2 potions of cancellation {unknown}
 m - a potion of magic
 n - 4 potions of curing
 p - a potion of lignification {unknown}
 v - a potion of heal wounds {unknown}
Comestibles
 d - 7 rations
 z - 3 chunks of flesh


   Skills:
 + Level 5.5 Fighting
 + Level 3.0 Short Blades
 + Level 3.0 Long Blades
 + Level 3.0 Axes
 + Level 3.0 Maces & Flails
 + Level 5.5 Polearms
 + Level 3.0 Staves
 + Level 3.0 Slings
 + Level 3.0 Bows
 + Level 3.0 Crossbows
 + Level 3.0 Throwing
 + Level 4.0 Armour
 + Level 5.5 Dodging
 + Level 3.0 Stealth
 + Level 3.0 Shields
 + Level 3.0 Unarmed Combat
 + Level 5.9 Spellcasting
 + Level 2.4 Conjurations
 + Level 2.4 Hexes
 + Level 6.0 Charms
 + Level 2.4 Summonings
 + Level 2.4 Necromancy
 + Level 2.4 Translocations
 + Level 2.4 Transmutations
 + Level 2.4 Fire Magic
 + Level 2.4 Ice Magic
 + Level 2.4 Air Magic
 + Level 2.4 Earth Magic
 + Level 2.4 Poison Magic
 + Level 3.3 Invocations
 + Level 3.0 Evocations


You had 7 spell levels left.
You knew the following spells:

 Your Spells              Type           Power        Failure   Level  Hunger
a - Infusion              Chrm           ####         1%          1    None
b - Song of Slaying       Chrm           ####....     1%          2    None
c - Shroud of Golubria    Chrm/Tloc      ###...       3%          2    None
d - Regeneration          Chrm/Necr      ###.......   7%          3    ##.....
e - Spectral Weapon       Hex/Chrm       ###.....     7%          3    ##.....

Your spell library contained the following spells:

 Spells                   Type           Power        Failure   Level  Hunger


Dungeon Overview and Level Annotations

Branches:
Dungeon (6/15)
 Temple: D:4-7

Altars:
Dithmenos
Gozag
Makhleb
Ru
Trog
Yredelemnul

Shops:
D:4 *

Annotations:
D:5 Eustachio, Sigmund
D:6 exclusions: ogre and wight


Innate Abilities, Weirdness & Mutations

Your experience applies equally to all skills.
You have very sharp teeth.
Your uncanny sense of smell can sniff out nearby items.


Message History

Your spectral weapon closely misses the two-headed ogre.
Eustachio asks, "How can you live without manners, virtues and honour?"
Eustachio casts a spell.
Eustachio blinks!
The two-headed ogre misses you.
The two-headed ogre completely misses you.
You hit the two-headed ogre but do no damage.
You bite the two-headed ogre, but do no damage.
The two-headed ogre is severely wounded.
Your spectral weapon hits the two-headed ogre from afar.
The two-headed ogre closely misses you.
The two-headed ogre hits you with a +0 giant spiked club!
Unknown command.
You barely miss the two-headed ogre.
The two-headed ogre is almost dead.
Your shroud unravels.
Your spectral weapon completely misses the two-headed ogre.
The two-headed ogre hits you with a +0 giant spiked club!!
* * * LOW HITPOINT WARNING * * *
The two-headed ogre hits you with a +0 giant spiked club!
You die...

...# #......#
.###..# ...#
#.5.##.# ..
## ...##
#@r5...# ###
#...##
##5##...#
...#.#
#r######
#...## #l#
##.## #r#
...# #O# ##.#
#####@#
#.####
#....(#
#....#
#.#####
####.######.#
#........#
##########


You could see a two-headed ogre, Eustachio, an iguana, an iron imp, a quasit, a
white imp, 2 quokkas, a rat and a friendly spectral +0 trident.

Vanquished Creatures
  Grinder (D:5)
  An ice beast (D:5)
  2 ogres (D:5)
  3 wights (D:6)
  A crimson imp (D:5)
  A hound (D:4)
  2 orc wizards (D:3)
  2 centaur skeletons
  An iguana (D:4)
  2 worker ants (D:4)
  6 adders
  4 gnolls (D:4)
  An ooze (D:4)
  3 worms
  2 leopard geckos
  8 orcs
  3 bats
  6 giant cockroaches
  2 gnoll zombies (D:5)
  3 goblins
  12 hobgoblins
  7 jackals (D:1)
  4 ball pythons
  8 frilled lizards
  5 kobolds
  A leopard gecko zombie (D:5)
  3 rats
94 creatures vanquished.

Vanquished Creatures (others)
  2 spectral weapons (D:5)
2 creatures vanquished.

Grand Total: 96 creatures vanquished

Notes
Turn   | Place    | Note
-------+----------+-------------------------------------------
     0 | D:1      | Ablot the Gnoll Skald began the quest for the Orb.
     0 | D:1      | Reached XP level 1. HP: 20/20 MP: 6/6
   400 | D:1      | Reached XP level 2. HP: 25/26 MP: 7/7
   404 | D:1      | Learned a level 2 spell: Song of Slaying
   407 | D:1      | Learned a level 2 spell: Shroud of Golubria
   908 | D:1      | Reached XP level 3. HP: 26/31 MP: 0/9
   919 | D:1      | Learned a level 3 spell: Regeneration
   923 | D:1      | Learned a level 3 spell: Spectral Weapon
   957 | D:1      | Reached skill level 5 in Spellcasting
  1206 | D:2      | Reached skill level 1 in Invocations
  1264 | D:2      | Reached skill level 1 in Short Blades
  1264 | D:2      | Reached skill level 1 in Long Blades
  1264 | D:2      | Reached skill level 1 in Axes
  1264 | D:2      | Reached skill level 1 in Maces & Flails
  1264 | D:2      | Reached skill level 1 in Staves
  1264 | D:2      | Reached skill level 1 in Slings
  1264 | D:2      | Reached skill level 1 in Bows
  1264 | D:2      | Reached skill level 1 in Crossbows
  1264 | D:2      | Reached skill level 1 in Throwing
  1264 | D:2      | Reached skill level 1 in Stealth
  1264 | D:2      | Reached skill level 1 in Shields
  1264 | D:2      | Reached skill level 1 in Unarmed Combat
  1264 | D:2      | Reached skill level 1 in Evocations
  1331 | D:2      | Reached XP level 4. HP: 30/38 MP: 11/11
  1553 | D:2      | Found a sacrificial altar of Ru.
  1615 | D:2      | Found an opulent altar of Gozag.
  1916 | D:3      | Found a shadowy altar of Dithmenos.
  1923 | D:3      | Reached skill level 1 in Conjurations
  1923 | D:3      | Reached skill level 1 in Hexes
  1923 | D:3      | Reached skill level 1 in Summonings
  1923 | D:3      | Reached skill level 1 in Necromancy
  1923 | D:3      | Reached skill level 1 in Translocations
  1923 | D:3      | Reached skill level 1 in Transmutations
  1923 | D:3      | Reached skill level 1 in Fire Magic
  1923 | D:3      | Reached skill level 1 in Ice Magic
  1923 | D:3      | Reached skill level 1 in Air Magic
  1923 | D:3      | Reached skill level 1 in Earth Magic
  1923 | D:3      | Reached skill level 1 in Poison Magic
  1966 | D:3      | Reached XP level 5. HP: 28/43 MP: 3/12
  2245 | D:3      | You fall into a shaft and drop 3 floors!
  2333 | D:5      | Entered Level 5 of the Dungeon
  2333 | D:5      | Noticed Sigmund
  2369 | D:6      | Noticed an ogre
  2527 | D:6      | Reached XP level 6. HP: 50/50 MP: 7/13
  2557 | D:6      | Reached skill level 5 in Fighting
  2557 | D:6      | Reached skill level 5 in Polearms
  2557 | D:6      | Reached skill level 5 in Dodging
  2798 | D:4      | Found a burning altar of Makhleb.
  3121 | D:4      | Reached XP level 7. HP: 56/56 MP: 9/15
  3202 | D:4      | Found Pieqoqux's Elemental Accessories.
  3217 | D:4      | Found a bloodstained altar of Trog.
  3879 | D:5      | Noticed Grinder
  3898 | D:5      | Killed Grinder
  3903 | D:5      | Reached skill level 6 in Charms
  3903 | D:5      | Reached XP level 8. HP: 25/63 MP: 5/16
  4208 | D:5      | Found a basalt altar of Yredelemnul.
  4346 | D:5      | Noticed Eustachio
  4368 | D:5      | Noticed a two-headed ogre
  4399 | D:5      | Slain by a two-headed ogre

Levels and vault maps discovered:
D:1:      erik_arrival_blinker_ship, layout_basic, minmay_tetromino_l4
D:2:      layout_basic, lemuel_doored_altar, nicolae_ru_sacrificial_ziggurat
D:3:      layout_rooms, nicolae_dithmenos_shadow_blocks
D:4:      layout_loops_corners, kennysheep_mini, nicolae_elemental_shop,
          corner_web_ring, bloody_trog
D:5:      layout_loops_cross, nicolae_overflow_crystal_walls,
          lemuel_zombie_altar_yredelemnul, first_ration, uniq_grinder,
          uniq_sigmund, uniq_eustachio
D:6:      layout_basic, basic_altar

Skill      XL: |  1  2  3  4  5  6  7  8 |
---------------+-------------------------+-----
Spellcasting   | 5 |  5.9
Invocations    | 1 2 3 |  3.3
Short Blades   | 1 2 3 |  3.0
Long Blades    | 1 2 3 |  3.0
Axes           | 1 2 3 |  3.0
Maces & Flails | 1 2 3 |  3.0
Staves         | 1 2 3 |  3.0
Slings         | 1 2 3 |  3.0
Bows           | 1 2 3 |  3.0
Crossbows      | 1 2 3 |  3.0
Throwing       | 1 2 3 |  3.0
Stealth        | 1 2 3 |  3.0
Shields        | 1 2 3 |  3.0
Unarmed Combat | 1 2 3 |  3.0
Evocations     | 1 2 3 |  3.0
Conjurations   | 1 2 |  2.4
Hexes          | 1 2 |  2.4
Summonings     | 1 2 |  2.4
Necromancy     | 1 2 |  2.4
Translocations | 1 2 |  2.4
Transmutations | 1 2 |  2.4
Fire Magic     | 1 2 |  2.4
Ice Magic      | 1 2 |  2.4
Air Magic      | 1 2 |  2.4
Earth Magic    | 1 2 |  2.4
Poison Magic   | 1 2 |  2.4
Armour         | 3 4 |  4.0
Fighting       | 5 |  5.5
Polearms       | 5 |  5.5
Dodging        | 5 |  5.5
Charms         | 6 |  6.0

Action                   |  1- 3 |  4- 6 |  7- 9 || total
-------------------------+-------+-------+-------++-------
Melee: Spear             |   136 |    61 |       ||   197
       Bite              |     8 |    13 |    10 ||    31
       Trident           |       |    84 |   116 ||   200
       Punch             |       |     1 |     1 ||     2
 Cast: Infusion          |     5 |     3 |       ||     8
       Shroud of Golubri |     4 |    14 |    11 ||    29
       Spectral Weapon   |       |     7 |     7 ||    14
       Song of Slaying   |       |     2 |       ||     2
       Regeneration      |       |     4 |     4 ||     8
  Use: Scroll            |     2 |     7 |       ||     9
 Stab: Sleeping          |     2 |     3 |     5 ||    10
  Eat: Chunk             |     2 |     7 |     4 ||    13
Armor: Leather armour    |    24 |    22 |       ||    46
       Robe              |       |     3 |     6 ||     9
Dodge: Dodged            |    61 |    99 |    67 ||   227

Table legend:
 A = Non-vault XP
 B = Vault XP
 C = Vault XP percentage of total XP
 D = Non-vault monster count
 E = Vault monster count
 F = Vault count percentage of total count
                 A         B        C        D         E       F
            +---------+---------+-------+---------+---------+-------
      Total |    1169 |     264 |  18.4 |      87 |       7 |   7.4
            +---------+---------+-------+---------+---------+-------
        D:1 |      34 |       6 |  15.0 |      19 |       4 |  17.4
        D:2 |      67 |       0 |   0.0 |      18 |       0 |   0.0
        D:3 |     153 |       0 |   0.0 |      25 |       0 |   0.0
        D:4 |     276 |       0 |   0.0 |      14 |       0 |   0.0
        D:5 |     426 |     258 |  37.7 |       7 |       3 |  30.0
        D:6 |     213 |       0 |   0.0 |       4 |       0 |   0.0
            +---------+---------+-------+---------+---------+-------
